 Dungeon Crawl Stone Soup version 0.22-a0-480-g991dd4b (webtiles) character file.

1106 Leszczynek the Grappler (level 8, -11/79 HPs)
             Began as a Troll Gladiator on June 15, 2018.
             Killed by nerve-wracking pain
             ... invoked by an orc priest
              (14 damage)
             ... on level 5 of the Dungeon.
             The game lasted 00:13:09 (2833 turns).

Leszczynek the Grappler (Troll Gladiator)           Turns: 2833, Time: 00:13:10

Health: -11/79     AC:  5    Str: 23    XL:     8   Next: 11%
Magic:  7/7        EV: 19    Int:  5    God:
Gold:   291        SH:  0    Dex: 17    Spells: 7/7 levels left

rFire    + . .     SeeInvis .     - Unarmed
rCold    + . .     Gourm    +   (no shield)
rNeg     . . .     Faith    .   a - +0 robe
rPois    +         Spirit   .   b - +0 hat
rElec    +         Reflect  .   (no cloak)
rCorr    +         Harm     .   (gloves unavailable)
MR       .....                  (boots unavailable)
Stlth    +++.......             (no amulet)
HPRegen  0.63/turn              m - +3 ring of evasion
MPRegen  0.10/turn              (no ring)

@: agile, resistant, berserk cooldown, flying, slowed, invisible, very slow
A: large, unfitting armour, claws 3, fast metabolism 3, gourmand, regeneration
1, shaggy fur 1, tough skin 2
a: no special abilities


You were on level 5 of the Dungeon.
You were very full.

You visited 1 branch of the dungeon, and saw 5 of its levels.

You collected 291 gold pieces.

Inventory:

Missiles
 c - 3 throwing nets (quivered)
 f - 7 tomahawks
Armour
 a - a +0 robe (worn)
 b - a +0 hat (worn)
Jewellery
 m - a +3 ring of evasion (left claw)
Wands
 w - a wand of flame (62)
 y - a wand of clouds (6)
Scrolls
 e - 2 scrolls of magic mapping {unknown}
 g - 7 scrolls of identify {unknown}
 h - 3 scrolls of remove curse {unknown}
 l - a scroll of blinking {unknown}
 n - 2 scrolls of teleportation {unknown}
 o - 2 scrolls of fear {unknown}
 p - a scroll of amnesia {unknown}
 q - a scroll of random uselessness {unknown}
Potions
 j - a potion of flight
 r - a potion of resistance
 s - a potion of agility
 z - a potion of mutation {unknown}
Comestibles
 d - 7 rations
 v - 5 chunks of flesh


   Skills:
 + Level 4.3 Fighting
 - Level 1.8 Throwing
 - Level 2.4 Dodging
 * Level 8.7 Unarmed Combat


You had 7 spell levels left.
You didn't know any spells.
Your spell library contained the following spells:

 Spells                   Type           Power        Failure   Level  Hunger
 Confuse                  Hex            #.......     85%         3    ####...
 Tukima's Dance           Hex            #.......     85%         3    ####...
 Ensorcelled Hibernation  Hex/Ice        #.....       63%         2    ###....
 Corona                   Hex            #......      47%         1    ##.....
 Dazzling Spray           Conj/Hex       #.....       85%         3    ####...


Dungeon Overview and Level Annotations

Branches:
Dungeon (5/15)
 Temple: D:4-7

Altars:
Dithmenos
Hepliaklqana
Nemelex Xobeh
Yredelemnul
The Shining One

Shops:
D:5 (

Annotations:
D:3 Findor's ghost, amateur MiFi
D:5 1 runed door


Innate Abilities, Weirdness & Mutations

You are too large for most types of armour.
You have claws for hands.
Your metabolism is lightning-fast.
You like to eat raw meat.
Your natural rate of healing is unusually fast.
You are covered in fur. (AC +1)
You have very tough skin. (AC +2)


Message History

The orc wizard points at you and mumbles some strange words.
The magic dart hits you!
* * * LOW HITPOINT WARNING * * *
The centaur shoots an arrow.
The arrow barely misses you.
The orc wizard hits you but does no damage.
The orc priest hits you with a whip.
* * * LOW HITPOINT WARNING * * *
The centaur shoots an arrow.
The arrow closely misses you. The orc hits you with a flail.
* * * LOW HITPOINT WARNING * * *
The orc wizard points at you and mumbles some strange words.
The magic dart hits you!
* * * LOW HITPOINT WARNING * * *
Unknown command.
It was a potion of invisibility.
You fade into invisibility!
The centaur shoots an arrow.
The arrow closely misses you.
The orc priest calls down the wrath of Beogh upon you.
Pain shoots through your body!
You die...

# #.#
##....#
# #.#
#....##
# #.#
##....#
#.#
#....##
#.#
###(..#
#(..#
##(.#
#(.##
##@..#


##oooc# #8....# #......# _.......## .# ...#.....% #.# ####8....## ...# ##.(.##
####..## #.... You could see a centaur, an orc priest, an orc wizard and an orc.

Vanquished Creatures
  3 sky beasts
  A phantom (D:4)
  An ogre (D:4)
  A bullfrog (D:5)
  A howler monkey (D:5)
  3 crimson imps
  A jelly (D:5)
  2 hounds (D:4)
  2 orc priests (D:4)
  3 orc wizards (D:4)
  A worker ant (D:4)
  6 adders
  A shadow imp (D:5)
  3 worms (D:2)
  4 dart slugs
  A leopard gecko (D:2)
  19 orcs
  3 giant cockroaches (D:1)
  10 goblins
  7 hobgoblins
  4 jackals (D:1)
  7 quokkas
  7 bats
  9 frilled lizards
  A goblin skeleton (D:5)
  6 kobolds
  2 quokka skeletons (D:4)
  8 rats
117 creatures vanquished.

Notes
Turn   | Place    | Note
-------+----------+-------------------------------------------
     0 | D:1      | Leszczynek the Troll Gladiator began the quest for the Orb.
     0 | D:1      | Reached XP level 1. HP: 19/19 MP: 0/0
   135 | D:1      | Reached XP level 2. HP: 23/27 MP: 1/1
   295 | D:1      | Reached skill level 4 in Unarmed Combat
   391 | D:1      | Reached XP level 3. HP: 33/33 MP: 2/2
   816 | D:2      | Reached XP level 4. HP: 41/41 MP: 3/3
   913 | D:2      | Reached skill level 5 in Unarmed Combat
  1051 | D:3      | Found a sparkling altar of Nemelex Xobeh.
  1168 | D:3      | Found a hazy altar of Hepliaklqana.
  1540 | D:3      | Noticed Findor's ghost (amateur MiFi)
  1594 | D:4      | Noticed a phantom
  1603 | D:4      | Killed a phantom
  1603 | D:4      | Reached skill level 2 in Fighting
  1603 | D:4      | Reached XP level 5. HP: 46/49 MP: 4/4
  1665 | D:4      | Reached skill level 6 in Unarmed Combat
  1666 | D:4      | Reached XP level 6. HP: 46/59 MP: 5/5
  2007 | D:4      | Reached skill level 3 in Fighting
  2215 | D:4      | Reached skill level 7 in Unarmed Combat
  2238 | D:4      | Found a shadowy altar of Dithmenos.
  2242 | D:4      | Reached XP level 7. HP: 67/67 MP: 6/6
  2336 | D:5      | Entered Level 5 of the Dungeon
  2373 | D:5      | Noticed a human
  2374 | D:5      | Found a runed door.
  2382 | D:5      | Found a basalt altar of Yredelemnul.
  2427 | D:5      | Reached skill level 8 in Unarmed Combat
  2600 | D:5      | Reached skill level 4 in Fighting
  2631 | D:5      | Found Mucvin's Antique Weapon Shoppe.
  2710 | D:5      | Reached XP level 8. HP: 67/78 MP: 7/7
  2811 | D:5      | Found a glowing golden altar of the Shining One.
  2820 | D:5      | HP: 14/79 [orc wizard/magic dart (9)]
  2820 | D:5      | HP: 3/79 [orc priest/divine providence (11)]
  2828 | D:5      | HP: 16/118 [centaur/arrow (11)]
  2832 | D:5      | HP: 4/79 [orc/flail (5)]
  2833 | D:5      | Killed from afar by an orc priest

Vault maps used:
D:1:      dpeg_arrival_brainrot
D:2:      cheibriados_altar_1
D:3:      marbit_many_paths, nemelex_xobeh_ov_fountains_minmay,
          kennysheep_cross_room
D:4:      nicolae_overflow_crystal_walls, first_ration
D:5:      nicolae_tso_carved_into_rock, serial_shops, shop_fountains,
          dk_yredelemnul_ordeal

Skill      XL: |  1  2  3  4  5  6  7 |
---------------+----------------------+-----
Unarmed Combat | 4 5 6 7 8 |  8.7
Fighting       | 2 3 4 |  4.3
Throwing       | |  1.8
Dodging        | |  2.4

Action                   |  1- 3 |  4- 6 |  7- 9 || total
-------------------------+-------+-------+-------++-------
Melee: Unarmed           |   114 |   149 |    63 ||   326
       Punch             |     1 |     2 |     1 ||     4
  Use: Potion            |       |       |    10 ||    10
  Eat: Chunk             |    13 |    13 |     5 ||    31
Armor: Robe              |    37 |    23 |    21 ||    81
Dodge: Dodged            |    65 |    84 |    56 ||   205

Table legend:
 A = Spawn XP
 B = Non-spawn XP
 C = Spawn XP percentage of total XP
 D = Spawn monster count
 E = Non-spawn monster count
 F = Spawn count percentage of total count
 G = Total turns spent on level
                    A         B        C        D         E        F      G
               +---------+---------+-------+---------+---------+-------+---------
         Total |       0 |    1581 |   0.0 |       0 |     117 |   0.0 |  2833
               +---------+---------+-------+---------+---------+-------+---------
           D:1 |       0 |      54 |   0.0 |       0 |      30 |   0.0 |   537
           D:2 |       0 |      69 |   0.0 |       0 |      26 |   0.0 |   497
           D:3 |       0 |      43 |   0.0 |       0 |      17 |   0.0 |   631
           D:4 |       0 |     810 |   0.0 |       0 |      26 |   0.0 |   671
           D:5 |       0 |     605 |   0.0 |       0 |      18 |   0.0 |   497
               +---------+---------+-------+---------+---------+-------+---------
